 Dungeon Crawl Stone Soup version 0.32-a0-433-g08bcfe7efd (webtiles) character file.

Game seed: 6878906597235064663

9909 ezpacito the Trooper (level 11, -2/84 HPs)
             Began as a Demonspawn Chaos Knight on Feb 22, 2024.
             Was a Plaything of Xom.
             Asphyxiated
             ... on level 10 of the Dungeon.
             The game lasted 00:16:37 (8461 turns).

ezpacito the Trooper (Demonspawn Chaos Knight)      Turns: 8461, Time: 00:16:38

Health: -2/84      AC:  9    Str: 23    XL:     11   Next: 29%
Magic:  19/19      EV: 13    Int: 18    God:    Xom [.*....]
Gold:   0          SH:  0    Dex: 16    Spells: 0/21 levels left

rFire   + . .        a - +0 hand axe (chaos)
rCold   . . .        (no shield)
rNeg    . . .        y - +6 scale mail "Wuacagou" {rPois Regen+ Str-5 Stlth+}
rPois   +            (helmet restricted)
rElec   .            H - +0 cloak
rCorr   .            (no gloves)
SInv    .            (no boots)
Will    .....        (no amulet)
Stlth   +++          s - +6 ring of dexterity
HPRegen 1.14/turn    c - ring of Divine Compulsion {rPois rF+ Str+6}
MPRegen 0.16/turn

%: clarity
@: mighty, lethally poisoned (-2 -> -3), about to teleport, marked, corroded,
wreathed by umbra, invisible
A: claws 2, yellow scales 1, augmentation 1, foul shadow 3, hooves 1, horns 1,
clarity, clever 2, strong 2
a: Renounce Religion


You were on level 10 of the Dungeon.
You worshipped Xom.
You were a plaything of Xom.
You visited 2 branches of the dungeon, and saw 11 of its levels.

You collected 101 gold pieces.
You spent 101 gold pieces at shops.

Inventory:

Hand Weapons
 a - a +0 hand axe of chaos (weapon)
 A - a +0 war axe
 I - a +2 orcbow of chaos
 N - a +1 short sword of flaming
Missiles
 f - 26 poisoned darts (quivered)
 R - 3 throwing nets
Armour
 o - +0 acid dragon scales
 r - a +0 pair of boots
 x - a +1 ring mail of positive energy
 y - the +6 scale mail "Wuacagou" (worn) {rPois Regen+ Str-5 Stlth+}
   (You found it on level 5 of the Dungeon)

   Str-5:     It affects your strength (-5).
   rPois:     It protects you from poison Regen+: It increases your rate of
   health regeneration.
   Stlth+:    It makes you more stealthy.
 B - a +0 helmet
 E - a +4 scale mail of positive energy
 H - a +0 cloak (worn)
Magical Staves
 v - a staff of conjuration
 D - a staff of air
 P - a staff of cold
 Q - a staff of fire
Jewellery
 c - the ring of Divine Compulsion (right claw) {rPois rF+ Str+6}
   (You found it on level 9 of the Dungeon)

   [ring of strength]

   Str+6:     It affects your strength (+6).
   rF+:       It protects you from fire.
   rPois:     It protects you from poison
 e - a ring of flight
 s - a +6 ring of dexterity (left claw)
 t - a ring of resist corrosion
Talismans
 j - a serpent talisman
 C - a beast talisman
Wands
 d - a wand of polymorph (8)
 g - a wand of flame (38)
 k - a wand of paralysis (1)
 G - a wand of digging (9)
Scrolls
 h - a scroll of acquirement {unknown}
 m - 3 scrolls of enchant weapon
 p - 2 scrolls of vulnerability
 q - 5 scrolls of revelation
 F - 2 scrolls of torment {unknown}
 K - a scroll of poison {unknown}
Potions
 i - 2 potions of lignification
 l - 3 potions of mutation
 w - 2 potions of magic
 J - a potion of brilliance {unknown}
Miscellaneous
 b - a condenser vane
 n - a lightning rod (4/4)


   Skills:
 * Level 7.3 Fighting
 * Level 6.7 Axes
 * Level 6.3 Armour
 * Level 6.2 Dodging
 + Level 4.9 Stealth
 * Level 5.9 Unarmed Combat
 * Level 5.9 Spellcasting
 + Level 0.2 Conjurations
 + Level 0.2 Hexes
 + Level 0.2 Summonings
 + Level 4.6 Evocations


You couldn't memorise any spells.
You knew the following spells:

 Your Spells              Type           Power      Damage    Failure   Level
a - Summon Mana Viper     Hex/Summ       6%         N/A       100%        5
b - Monstrous Menagerie   Summ           3%         N/A       100%        7
c - Sigil of Binding      Hex            6%         N/A       58%         3
d - Call Canine Familiar  Summ           6%         N/A       61%         3
e - Summon Ice Beast      Ice/Summ       5%         N/A       63%         3

Your spell library contained the following spells:

 Spells                   Type           Power      Damage    Failure   Level
 Sandblast                Erth           10%        2d5       28%         1
 Stone Arrow              Conj/Erth      10%        3d7       63%         3
 Passwall                 Erth           5%         N/A       65%         3
 Brom's Barrelling Bould  Conj/Erth      5%         2d3       95%         4
 Dimensional Bullseye     Hex/Tloc       2%         N/A       95%         4
 Vhi's Electric Charge    Tloc/Air       10%        N/A       96%         4
 Arcjolt                  Conj/Air       2%         1d12      100%        5
 Maxwell's Capacitive Co  Air            2%         ∞         100%        8


Dungeon Overview and Level Annotations

Branches:
Dungeon (10/15)            Temple (1/1) D:7            Lair (0/5) D:9
    Orc: D:9-12

Altars:
Ashenzari
Cheibriados
Dithmenos
Fedhas
Gozag
Hepliaklqana
Kikubaaqudgha
Makhleb
Nemelex Xobeh
Okawaru
Qazlal
Ru
Sif Muna
Trog
Uskayaw
Vehumet
Wu Jian
Xom
Yredelemnul
Jiyva

Shops:
D:5 (   D:8 *

Annotations:
D:10 Maurice


Innate Abilities, Weirdness & Mutations

You have very sharp fingernails.
You are partially covered in yellow scales. (AC +2)
Your magical and physical power is slightly enhanced at high health.
You are darkly shadowed, frequently releasing foul flame when damaged in melee.
You have large cloven feet.
You have a pair of small horns on your head.
You possess an exceptional clarity of mind.
Your mind is very acute. (Int +8, Str/Dex -2)
Your muscles are very strong. (Str +8, Int/Dex -2)


Message History

* * * LOW HITPOINT WARNING * * *
Something steals 66 gold pieces!
You now have 0 gold pieces.
Something bites you but does no damage.
The orc wizard gestures at you while chanting.
The magic dart hits you!
* * * LOW HITPOINT WARNING * * *
You hear a zap.
A bolt of acid appears from out of thin air!
The bolt of acid misses you. The orc warrior barely misses you.
You barely miss something. Your kick misses something.
You closely miss the orc wizard.
The orc wizard points at you and mumbles some strange words.
You feel momentarily confused.
You hear a zap.
A bolt of acid appears from out of thin air!
The bolt of acid misses you.
The orc warrior hits you from afar with a +0 trident.
* * * LOW HITPOINT WARNING * * *
As you read the scroll of teleportation, it crumbles to dust.
You feel strangely unstable. The orc wizard barely misses you.
Something hits you but does no damage. Something bites you but does no damage.
The orc warrior misses you.
You completely miss something. Your kick misses something.
You headbutt something! You hit the orc wizard. You freeze the orc wizard.
You kill the orc wizard!
Something hits you.
* * * LOW HITPOINT WARNING * * *
Something mutters, "Now where did you hide it?"
Something bites you but does no damage. The orc warrior barely misses you.
You hear a zap.
A bolt of acid appears from out of thin air!
The bolt of acid hits you!
* * * LOW HITPOINT WARNING * * *
The acid corrodes you!
A curare-tipped dart appears from out of thin air!
The curare-tipped dart hits you.
You are poisoned.
You have difficulty breathing.
You die...
Xom guffaws!

##..# #....%...
### #... #........
..# #.. ##........
#.#
##.####...........
#.# #.#
#..#..............
#.# #.####..{o#
........ #.#
#.....).###
.......
###.####..####.##
...... #....##...#
#@..#
#....##.#.##..#.#
#....##.#.##.##...
#.......#..#.
..... ###
#.<..#####...
...... ... #....#
#.# ...... ###
#....# ### ......
######


There were no monsters in sight!

Vanquished Creatures
  Harold (D:10)
  A boulder beetle (D:9)
  2 glowing orange brains (D:9)
  Pikel (D:4)
  An orc sorcerer (D:9)
  A deep elf zephyrmancer (D:9)
  2 ugly things (D:9)
  An unseen horror (D:10)
  A gargoyle (D:10)
  2 kobold demonologists (D:9)
  A hornet (D:9)
  A slime creature (D:9)
  Sigmund (D:5)
  A shadow (D:10)
  2 wyverns
  2 vampire mosquitoes (D:9)
  Menkaure (D:5)
  Duvessa (D:6)
  An ice beast (D:6)
  2 orc warriors
  A black bear (D:2)
  4 ogres
  5 centaurs
  A phantom (D:7)
  3 kobold brigands
  2 bullfrogs
  A gnoll sergeant (D:8)
  A scorpion (D:7)
  Dowan (D:6)
  12 killer bees
  2 howler monkeys
  4 orc priests
  4 hounds
  A gnoll bouda (D:9)
  2 jellies
  2 sleepcaps (D:7)
  4 iguanas
  12 orc wizards
  10 gnolls
  6 adders
  4 white imps
  2 ufetubi (D:6)
  4 dart slugs
  4 ribbon worms
  34 orcs
  5 ball pythons
  5 endoplasms
  5 giant cockroaches
  5 goblins
  4 hobgoblins
  4 quokkas
  4 bats
  3 frilled lizards
  19 kobolds
  3 rats
209 creatures vanquished.

Vanquished Creatures (collateral kills)
  A kobold demonologist (D:9)
  An acid dragon (D:9)
  An orc (D:4)
3 creatures vanquished.

Vanquished Creatures (others)
  A black bear (D:4)
  A hound (D:5)
  An adder (D:4)
  A gnoll (D:4)
4 creatures vanquished.

Grand Total: 216 creatures vanquished

Notes
Turn   | Place    | Note
-------+----------+-------------------------------------------
     0 | D:1      | ezpacito the Demonspawn Chaos Knight began the quest for
                  | the Orb.
     0 | D:1      | Reached XP level 1. HP: 18/18 MP: 1/1
    22 | D:1      | XOM: silly message
    64 | D:1      | Reached skill level 1 in Dodging
   128 | D:1      | XOM: silly message
   153 | D:1      | Gained mutation: You are faintly shadowed, very rarely
                  | releasing foul flame when damaged in melee. [demonic
                  | ancestry]
   153 | D:1      | Reached XP level 2. HP: 23/24 MP: 2/2
   500 | D:1      | Found a faded altar of an unknown god.
   812 | D:2      | XOM: cloud trail
   823 | D:2      | Reached XP level 3. HP: 22/29 MP: 3/3
   901 | D:2      | Noticed a black bear
   905 | D:2      | XOM: divination: detect creatures
   916 | D:2      | Killed a black bear
   917 | D:2      | Reached skill level 1 in Unarmed Combat
   917 | D:2      | Reached skill level 1 in Spellcasting
   917 | D:2      | Gained mutation: You have sharp fingernails. [demonic
                  | ancestry]
   917 | D:2      | Reached XP level 4. HP: 19/35 MP: 3/5
  1048 | D:2      | Gained mutation: You are shadowed, sometimes releasing foul
                  | flame when damaged in melee. [demonic ancestry]
  1048 | D:2      | Reached XP level 5. HP: 41/41 MP: 6/6
  1457 | D:2      | XOM: scenery: create altars
  1594 | D:3      | Found a basalt altar of Yredelemnul.
  1930 | D:3      | Found a broken altar of Ashenzari.
  1986 | D:3      | Found a hide-covered altar of Uskayaw.
  1990 | D:3      | Reached skill level 1 in Stealth
  2564 | D:4      | Found a shimmering altar of Xom.
  2564 | D:4      | Noticed a black bear
  2565 | D:4      | Killed a black bear
  2571 | D:4      | Gained mutation: You are partially covered in yellow
                  | scales. (AC +2) [demonic ancestry]
  2571 | D:4      | Reached XP level 6. HP: 48/48 MP: 8/8
  2589 | D:4      | Noticed Pikel
  2604 | D:4      | Killed Pikel
  2605 | D:4      | Reached skill level 4 in Fighting
  2605 | D:4      | Reached skill level 1 in Evocations
  2605 | D:4      | Gained mutation: You are darkly shadowed, frequently
                  | releasing foul flame when damaged in melee. [demonic
                  | ancestry]
  2605 | D:4      | Reached XP level 7. HP: 29/54 MP: 8/10
  2621 | D:4      | XOM: scenery: 1 doors open, 2 doors close
  2741 | D:4      | XOM: scenery: 2 doors open
  2829 | D:4      | XOM: god gift: ring of flight
  2840 | D:4      | XOM: silly message
  2986 | D:4      | XOM: silly message
  3171 | D:4      | Found a bloodstained altar of Trog.
  3201 | D:4      | Found a hazy altar of Hepliaklqana.
  3339 | D:5      | Entered Level 5 of the Dungeon
  3397 | D:5      | XOM: noise
  3419 | D:5      | XOM: give mutations
  3419 | D:5      | Gained mutation: You have a pair of small horns on your
                  | head. [Xom's grace]
  3419 | D:5      | Gained mutation: Your muscles are strong. (Str +4, Int/Dex
                  | -1) [Xom's grace]
  3419 | D:5      | Gained mutation: Your muscles are very strong. (Str +8,
                  | Int/Dex -2) [Xom's grace]
  3419 | D:5      | Gained mutation: You have sharp toenails. [Xom's grace]
  3463 | D:5      | Identified the +6 scale mail "Wuacagou" {rPois Regen+ Str-5
                  | Stlth+}
  3504 | D:5      | Noticed Menkaure
  3506 | D:5      | XOM: potion effect (brilliance)
  3511 | D:5      | Killed Menkaure
  3515 | D:5      | Reached XP level 8. HP: 47/61 MP: 10/12
  3637 | D:5      | Noticed Sigmund
  3642 | D:5      | XOM: cast spell 'Fugue of the Fallen'
  3650 | D:5      | Killed Sigmund
  3730 | D:5      | XOM: noise
  3767 | D:5      | XOM: blink monster(s)
  3800 | D:5      | Found Xawith's Antique Weapon Shop.
  4106 | D:5      | Reached skill level 5 in Fighting
  4108 | D:5      | Found a sparkling altar of Nemelex Xobeh.
  4326 | D:5      | XOM: summons 1 hostile shadow creature
  4682 | D:6      | XOM: divination: detect items
  4707 | D:6      | Noticed Duvessa
  4713 | D:6      | Noticed Dowan
  4718 | D:6      | Killed Duvessa
  4721 | D:6      | Killed Dowan
  4740 | D:6      | XOM: potion effect (curing)
  4835 | D:6      | Found a stormy altar of Qazlal.
  4984 | D:6      | XOM: 2-stop teleportation journey
  5009 | D:6      | XOM: 2-stop teleportation journey
  5054 | D:6      | Reached XP level 9. HP: 68/68 MP: 14/14
  5375 | D:7      | Reached skill level 5 in Axes
  5464 | D:7      | Found a staircase to the Ecumenical Temple.
  5483 | Temple   | Entered the Ecumenical Temple
  5513 | D:7      | XOM: god gift: wand of flame (9)
  5773 | D:7      | XOM: enchant monster (good)
  5917 | D:8      | XOM: god gift: runed orcbow {god gift}
  5928 | D:8      | Found Badul's Assorted Antiques.
  5936 | D:8      | Bought a grey potion for 23 gold pieces
  5936 | D:8      | Bought a scroll labelled EMYGUCV RIEZA for 26 gold pieces
  5936 | D:8      | Bought a scroll of identify for 52 gold pieces
  6055 | D:8      | XOM: give mutations
  6055 | D:8      | Lost mutation: You have sharp toenails. [Xom's grace]
  6055 | D:8      | Gained mutation: You have large cloven feet. [Xom's grace]
  6055 | D:8      | Gained mutation: You possess an exceptional clarity of
                  | mind. [Xom's grace]
  6055 | D:8      | Gained mutation: Your mind is acute. (Int +4, Str/Dex -1)
                  | [Xom's grace]
  6055 | D:8      | Gained mutation: Your mind is very acute. (Int +8, Str/Dex
                  | -2) [Xom's grace]
  6318 | D:8      | Reached skill level 6 in Fighting
  6318 | D:8      | Reached skill level 5 in Armour
  6654 | D:8      | XOM: scenery: summon butterflies
  6724 | D:8      | XOM: silly message
  6767 | D:9      | Noticed a two-headed ogre
  6771 | D:9      | a two-headed ogre changed into a glowing orange brain
  6771 | D:9      | Noticed a glowing orange brain
  6775 | D:9      | Killed a glowing orange brain
  6776 | D:9      | Gained mutation: You have very sharp fingernails. [demonic
                  | ancestry]
  6776 | D:9      | Reached XP level 10. HP: 68/76 MP: 12/16
  6777 | D:9      | Killed a glowing orange brain
  6844 | D:9      | Reached skill level 5 in Dodging
  6864 | D:9      | Found an opulent altar of Gozag.
  6900 | D:9      | Noticed a purple ugly thing
  6901 | D:9      | Noticed a boulder beetle
  6903 | D:9      | Noticed a brown ugly thing
  6914 | D:9      | Killed a purple ugly thing
  6915 | D:9      | Reached skill level 5 in Unarmed Combat
  6924 | D:9      | Killed a boulder beetle
  6925 | D:9      | Reached skill level 5 in Spellcasting
  6942 | D:9      | Killed a cyan ugly thing
  6951 | D:9      | XOM: scenery: 1 doors open
  6956 | D:9      | Noticed a deep elf zephyrmancer
  6985 | D:9      | Noticed an orc sorcerer
  6989 | D:9      | Identified the ring of Divine Compulsion {rPois rF+ Str+6}
  6998 | D:9      | XOM: swap monsters
  7012 | D:9      | Killed an orc sorcerer
  7013 | D:9      | XOM: summons 3 hostile shadow creatures
  7014 | D:9      | XOM: polymorph yak -> jelly
  7037 | D:9      | XOM: cloud trail
  7074 | D:9      | XOM: enchant monster (good)
  7083 | D:9      | XOM: potion effect (brilliance)
  7100 | D:9      | Reached skill level 7 in Fighting
  7202 | D:9      | XOM: noise
  7207 | D:9      | Found a snail-covered altar of Cheibriados.
  7396 | D:9      | XOM: butterfly on damage
  7401 | D:9      | Killed a deep elf zephyrmancer
  7402 | D:9      | Gained mutation: Your magical and physical power is
                  | slightly enhanced at high health. [demonic ancestry]
  7402 | D:9      | Reached XP level 11. HP: 49/84 MP: 19/19
  7604 | D:9      | Found a staircase to the Lair.
  7663 | D:9      | XOM: cloud trail
  7692 | D:10     | Entered Level 10 of the Dungeon
  7741 | D:10     | Noticed Maurice
  7744 | D:10     | XOM: cast spell 'Iskenderun's Battlesphere'
  7745 | D:10     | Something stole a flux talisman
  7752 | D:10     | Something stole a staff of alchemy
  7753 | D:10     | Something stole a +6 ring of strength
  7754 | D:10     | Found an iron altar of Okawaru.
  8013 | D:9      | XOM: enchant monster (bad)
  8324 | D:7      | Learned a level 5 spell: Summon Mana Viper
  8332 | D:7      | Learned a level 7 spell: Monstrous Menagerie
  8336 | D:7      | Learned a level 3 spell: Sigil of Binding
  8340 | D:7      | Learned a level 3 spell: Call Canine Familiar
  8344 | D:7      | Learned a level 3 spell: Summon Ice Beast
  8425 | D:10     | Noticed Harold
  8428 | D:10     | XOM: divination: detect items
  8430 | D:10     | XOM: summons friendly shadow imp
  8439 | D:10     | Killed Harold
  8447 | D:10     | Something stole a curare-tipped dart
  8453 | D:10     | Something stole 356 gold
  8455 | D:10     | Something stole 66 gold
  8461 | D:10     | Asphyxiated

Illustrated notes

Levels and vault maps discovered:
D:1:      ncdulo_lavacross, layout_loops_ring, ebering_ecumenical_altar_hall,
          chequers_garden, minmay_misc_feat_tower
D:2:      layout_rooms, hangedman_decor_points, minmay_misc_feat_iff,
          wad_floor_pattern_2
D:3:      layout_basic, mainiacjoe_overflow_six_doors_small,
          evilmike_ruin_ashenzari, nicolae_uskayaw_suspiria, serial_glass,
          glass_columns_c, glass_columns_b
D:4:      layout_gridville, general_overflow_altar, xom_confusion_cloud,
          lemuel_round_altar, mainiacjoe_overflow_alcove_1, uniq_pikel
D:5:      layout_basic, nemelex_dance_club_becter, serial_shops, shop,
          uniq_sigmund, uniq_menkaure
D:6:      layout_loops_corners, kennysheep_mini, uniq_duvessa
D:7:      layout_loops_ring, minmay_temple_entry_junction
D:8:      layout_cave_pods, serial_shops, shop
D:9:      minmay_the_grid_plus_closed [minmay_the_grid_tri_star,
          minmay_the_grid_gridbox, minmay_the_grid_zigzag_pyramid,
          minmay_the_grid_odd_star, minmay_the_grid_prize_trominoes],
          layout_long_grid, kennysheep_mini_moat, cheibrodos_worm_habitat,
          lemuel_round_altar, lair_entry_dummy
D:10:     layout_rooms, amcnicky_altar_gilded, kennysheep_generic_room_2,
          uniq_harold, uniq_maurice
Temple:   pf_slimified_temple

Skill      XL: |  1  2  3  4  5  6  7  8  9 10 11 |
---------------+----------------------------------+-----
Dodging        | 1 2 3 4 5 6 |  6.2
Armour         | 2 3 4 5 6 |  6.3
Axes           | 3 4 5 6 |  6.7
Unarmed Combat | 1 2 3 4 5 |  5.9
Spellcasting   | 1 2 3 4 5 |  5.9
Stealth        | 1 2 3 4 |  4.9
Fighting       | 4 5 6 7 |  7.3
Evocations     | 1 2 3 4 |  4.6
Conjurations   | |  0.2
Hexes          | |  0.2
Summonings     | |  0.2

Action                     |  1- 3 |  4- 6 |  7- 9 | 10-12 || total
---------------------------+-------+-------+-------+-------++-------
  Melee: Hand axe          |    67 |    92 |   303 |   196 ||   658
         Headbutt          |       |       |    73 |    55 ||   128
         Kick              |       |       |    58 |    88 ||   146
  Evoke: Wand              |       |       |     3 |     1 ||     4
    Use: Potion            |     1 |     2 |       |    12 ||    15
         Scroll            |       |     9 |     3 |    11 ||    23
   Stab: Confused          |     1 |     4 |     2 |     5 ||    12
         Sleeping          |       |     4 |     3 |     3 ||    10
         Petrified         |       |       |     2 |    14 ||    16
         Paralysed         |       |       |     2 |     3 ||     5
         Petrifying        |       |       |     1 |     2 ||     3
         Invisible         |       |       |       |    11 ||    11
 Armour: Leather armour    |    55 |    29 |       |       ||    84
         Ring mail         |       |    29 |    15 |       ||    44
         Scale mail        |       |       |   195 |   169 ||   364
  Dodge: Dodged            |    39 |    62 |   220 |   133 ||   454

Table legend: (Time is in decaauts)
 A = Elapsed time spent in this place.
 B = Non-inter-level travel time spent in this place.
 C = Inter-level travel time spent in this place.
 D = Time resting spent in this place.
 E = Time spent auto-exploring this place.
 F = Levels seen in this place.
 G = Mean time per level.
                   A        B        C        D        E       F      G
               +--------+--------+--------+--------+--------+-----+--------+
         Total |   8501 |   7757 |    744 |     93 |   5968 |  11 |  772.8 |
       Dungeon |   8499 |   7756 |    743 |     93 |   5968 |  10 |  849.9 |
        Temple |      1 |      1 |      0 |      0 |      0 |   1 |    1.0 |
               +--------+--------+--------+--------+--------+-----+--------+

Top non-repeatable levels by time:
     D:9: 1288 daAuts
     D:4: 1168 daAuts
     D:5: 1092 daAuts
     D:6: 960 daAuts
     D:8: 937 daAuts
     D:3: 790 daAuts
     D:2: 781 daAuts
     D:1: 699 daAuts
     D:7: 670 daAuts
    D:10: 112 daAuts
  Temple: 1 daAuts
